 Dungeon Crawl Stone Soup version 0.30-a0-847-g17996783a1 (webtiles) character file.

Game seed: 14582011210688637086

39 SkeletonJelly the Chopper (level 3, 0/29 HPs)
             Began as a Demonspawn Chaos Knight on Mar 3, 2023.
             Was a Plaything of Xom.
             Slain by a hobgoblin (4 damage)
             ... led by Robin
             ... on level 1 of the Dungeon.
             The game lasted 00:01:17 (898 turns).

SkeletonJelly the Chopper (Demonspawn Chaos Knight)  Turns: 898, Time: 00:01:17

Health: 0/29       AC:  7    Str: 14    XL:     3   Next: 28%
Magic:  3/3        EV: 11    Int: 13    God:    Xom [..*...]
Gold:   25         SH:  0    Dex: 12    Spells: 2/2 levels left

rFire   . . .      SeeInvis .    a - +0 hand axe (chaos)
rCold   . . .      Faith    .    (no shield)
rNeg    . . .      Spirit   .    b - +2 leather armour
rPois   .          Reflect  .    (no helmet)
rElec   .          Rampage  .    (no cloak)
rCorr   .                        (no gloves)
Will    .....                    (no boots)
Stlth   +                        (no amulet)
HPRegen 0.24/turn                (no ring)
MPRegen 0.08/turn                (no ring)

@: no status effects
A: icy blue scales 1
a: Renounce Religion


You were on level 1 of the Dungeon.
You worshipped Xom.
You were a toy of Xom.
You visited 1 branch of the dungeon, and saw 2 of its levels.

You collected 25 gold pieces.

Inventory:

Hand Weapons
 a - a +0 hand axe of chaos (weapon)
Armour
 b - a +2 leather armour (worn)
Scrolls
 e - a scroll of brand weapon {unknown}
 g - a scroll of identify {unknown}
 j - a scroll of torment {unknown}
Potions
 d - a potion of heal wounds {unknown}
 f - a potion of ambrosia {unknown}
 h - a potion of mutation {unknown}
 i - a potion of invisibility {unknown}
Miscellaneous
 c - a piece from Xom's chessboard (15/15) (quivered)


   Skills:
 - Level 3.0 Fighting
 + Level 4.0 Axes
 - Level 1.7 Armour
 - Level 0.8 Dodging


You had 2 spell levels left.
You didn't know any spells.
Your spell library was empty.

Dungeon Overview and Level Annotations

Branches:
Dungeon (2/15)

Altars:

Annotations:
D:2 Robin


Innate Abilities, Weirdness & Mutations

You are partially covered in icy blue scales. (AC +2)


Message History

The jackal closely misses you. x2
You hit the jackal. You freeze the jackal.
You kill the jackal!
No target in view!
No target in view!
No target in view!
No target in view!
You climb downwards.
Level annotation: Robin The jackal misses you.
The jackal bites you. The goblin hits you but does no damage.
The hobgoblin hits you.
The jackal bites you but does no damage.
Robin throws the goblin at you! The jackal closely misses you.
There is a stone staircase leading up here.
You take 2 damage, and have 27/29 hp.
The jackal bites you. x2; The goblin barely misses you.
The goblin hits you with a +0 dagger.
The hobgoblin hits you but does no damage.
The hobgoblin closely misses you. The goblin hits you with a +0 club.
Robin says, "My goblins will feast on your bones."
The goblin hits you but does no damage.
You climb upwards.
There is a stone staircase leading down here.
You take 8 damage, and have 19/29 hp.
MASSIVE DAMAGE!!
You hit the goblin.
The goblin is severely wounded.
You closely miss the goblin. You hit the hobgoblin.
Lightning courses through the hobgoblin!
You kill the hobgoblin!
You closely miss the goblin. You closely miss the jackal.
You barely miss the goblin. You hit the jackal. You burn the jackal.
You barely miss the hobgoblin. The jackal bites you.
The jackal closely misses you.
The hobgoblin hits you but does no damage.
The goblin hits you but does no damage. The goblin closely misses you.
The goblin hits you with a +0 club. x2; The jackal barely misses you. x2
You take 10 damage, and have 9/29 hp.
MASSIVE DAMAGE!!
You are too injured to fight recklessly!
You are too injured to fight recklessly!
You are too injured to fight recklessly!
You are too injured to fight recklessly!
You are too injured to fight recklessly!
The jackal attacks as you move away!
The jackal bites you but does no damage.
The goblin attacks as you move away! The goblin barely misses you.
The jackal closely misses you. The goblin hits you but does no damage.
You closely miss the goblin. You hit the jackal but do no damage.
You closely miss the jackal. The jackal barely misses you.
The jackal closely misses you. The goblin closely misses you.
The jackal bites you but does no damage.
The jackal barely misses you.
You hit the goblin.
The goblin is severely wounded.
You closely miss the jackal. x2; The jackal closely misses you.
The jackal bites you but does no damage.
The goblin hits you with a +0 club.
* * * LOW HITPOINT WARNING * * *
You take 1 damage, and have 8/29 hp.
You hit the goblin. You burn the goblin.
You kill the goblin!
You closely miss the jackal. You miss the jackal. The jackal barely misses you.
The jackal bites you but does no damage. x3
You closely miss the goblin.
The goblin is severely wounded.
You hit the jackal.
You feel better.
You hit the jackal. The goblin hits you but does no damage.
The jackal completely misses you. The jackal misses you.
The jackal barely misses you. The goblin hits you but does no damage.
You regained 2 hp, and now have 10/29 hp.
You hit the goblin. Lightning courses through the goblin!
You kill the goblin!
You barely miss the jackal. x2; The jackal closely misses you. x2
The jackal barely misses you.
You hit the goblin. Lightning courses through the goblin!!
You kill the goblin!
You hit the jackal but do no damage. x2; You drain the jackal.
The jackal bites you but does no damage. x3
The jackal bites you.
Your Axes skill increases to level 4!
You take 1 damage, and have 9/29 hp.
You hit the goblin but do no damage. You hit the jackal but do no damage. x2
The jackal bites you.
* * * LOW HITPOINT WARNING * * *
The jackal barely misses you. The goblin closely misses you.
You take 3 damage, and have 6/29 hp.
You hit the goblin but do no damage. You hit the jackal.
You kill the jackal!
You hit the jackal.
You kill the jackal!
The goblin closely misses you.
You barely miss the goblin. You hit the hobgoblin. You burn the hobgoblin.
The goblin barely misses you. The hobgoblin misses you.
You miss the goblin. You barely miss the hobgoblin.
The goblin barely misses you. The hobgoblin hits you.
* * * LOW HITPOINT WARNING * * *
You take 2 damage, and have 4/29 hp.
You barely miss the goblin. You hit the hobgoblin but do no damage.
The goblin closely misses you. The hobgoblin hits you.
You die... "It's all fun and games until someone loses an eye."

#####.#.####.# #...#
####.## ......#.####.#
#...# #.#
####..#......# #...#
#.#
......############...#
#.# ..##..# #........#
#.# #.##..#
#.....(.##########.##
#.....#
#........#...Z...#.Z.
.....##
#.##g>...#Z#####.####
####.# #.##@g...#.#
#.# .....#
#.####..##.# #.#
###### #....รท..)..#
##.## #.#####.####
##...## ####.### #.#
#.###.# #......###.###
#.# #.#
##.##.#.#.....#
#.###.#
#.....#.#.....#
##....#
#..####.#.....# #....#


You could see a hobgoblin and a goblin.

Vanquished Creatures
  A dart slug (D:1)
  3 ball pythons (D:1)
  3 bats (D:1)
  3 endoplasms (D:1)
  6 goblins (D:1)
  2 hobgoblins (D:1)
  4 jackals (D:1)
  A quokka (D:1)
  2 frilled lizards (D:1)
  5 kobolds (D:1)
  3 rats (D:1)
33 creatures vanquished.

Notes
Turn   | Place    | Note
-------+----------+-------------------------------------------
     0 | D:1      | SkeletonJelly the Demonspawn Chaos Knight began the quest
                  | for the Orb.
     0 | D:1      | Reached XP level 1. HP: 18/18 MP: 1/1
     3 | D:1      | Noticed an electric eel
     4 | D:1      | Noticed an electric eel
    19 | D:1      | XOM: butterfly on damage
    51 | D:1      | XOM: butterfly on damage
    59 | D:1      | Reached skill level 3 in Axes
   161 | D:1      | Gained mutation: You are partially covered in icy blue
                  | scales. (AC +2) [demonic ancestry]
   161 | D:1      | Reached XP level 2. HP: 24/24 MP: 2/2
   493 | D:1      | Found a faded altar of an unknown god.
   780 | D:1      | XOM: silly message
   793 | D:1      | Reached XP level 3. HP: 29/29 MP: 3/3
   871 | D:2      | Noticed Robin
   874 | D:1      | XOM: divination: detect items
   894 | D:1      | Reached skill level 4 in Axes
   898 | D:1      | Slain by a hobgoblin

Illustrated notes

Levels and vault maps discovered:
D:1:      arrival_aquarium_b, layout_loops_cross, basic_ecumenical_altar
D:2:      minmay_angry_zag, layout_basic, uniq_robin, uniq_terence

Skill      XL: |  1  2  3 |
---------------+----------+-----
Axes           | 3 4 |  4.0
Fighting       | |  3.0
Armour         | |  1.7
Dodging        | |  0.8

Action                     || total
---------------------------++-------
  Melee: Hand axe          ||    90
         Punch             ||     1
   Stab: Paralysed         ||     2
 Armour: Leather armour    ||    51
  Dodge: Dodged            ||    73

Table legend: (Time is in decaauts)
 A = Elapsed time spent in this place.
 B = Non-inter-level travel time spent in this place.
 C = Inter-level travel time spent in this place.
 D = Time resting spent in this place.
 E = Time spent auto-exploring this place.
 F = Levels seen in this place.
 G = Mean time per level.
                   A        B        C        D        E       F      G
               +--------+--------+--------+--------+--------+-----+--------+
         Total |    910 |    867 |     43 |      0 |    687 |   2 |  455.0 |
       Dungeon |    910 |    867 |     43 |      0 |    687 |   2 |  455.0 |
               +--------+--------+--------+--------+--------+-----+--------+

Top non-repeatable levels by time:
     D:1: 906 daAuts
     D:2: 4 daAuts
